 Dungeon Crawl Stone Soup version 0.21.1-1-g345015fe64 (webtiles) character file.

2793 Peloso the Carver (level 9, -5/78 HPs)
             Began as a Minotaur Fighter on Apr 9, 2018.
             Was a Believer of Okawaru.
             Shot with an arrow by a centaur (11 damage)
             ... on level 7 of the Dungeon.
             The game lasted 00:17:00 (6342 turns).

Peloso the Carver (Minotaur Fighter)                Turns: 6342, Time: 00:17:01

Health: -5/78      AC: 13    Str: 22    XL:     9   Next: 43%
Magic:  8/8        EV:  8    Int:  5    God:    Okawaru [**....]
Gold:   292        SH:  0    Dex: 18    Spells: 8/8 levels left

rFire    + . .     SeeInvis .   a - +0 long sword
rCold    + . .     Gourm    .   c - +0 shield
rNeg     . . .     Faith    .   b - +0 chain mail
rPois    +         Spirit   .   (helmet restricted)
rElec    +         Reflect  .   h - +0 cloak
rCorr    +         Harm     .   w - +0 pair of gloves
MR       .....                  (no boots)
Stlth    ..........             (no amulet)
HPRegen  0.23/turn              z - +6 ring of dexterity
MPRegen  0.11/turn              (no ring)

@: confused, resistant
A: retaliatory headbutt, horns 2
a: Heroism, Renounce Religion


You were on level 7 of the Dungeon.
You worshipped Okawaru.
Okawaru was pleased with you.
You were hungry.

You visited 1 branch of the dungeon, and saw 7 of its levels.
You also visited: Sewer.

You collected 397 gold pieces.
You spent 105 gold pieces at shops.

Inventory:

Hand Weapons
 a - a +0 long sword (weapon)
 j - a +2 short sword of flaming
 s - the +9 short sword "Ovoire" {drain, Str+3}
   (You found it on level 4 of the Dungeon)

   A truly terrible weapon, it drains the life of those it strikes.
   It affects your strength (+3).
Armour
 b - a +0 chain mail (worn)
 c - a +0 shield (worn)
 h - a +0 cloak (worn)
 w - a +0 pair of gloves (worn)
Jewellery
 z - a +6 ring of dexterity (left hand)
Scrolls
 m - 4 scrolls of remove curse
 n - 4 scrolls of blinking {unknown}
 p - 7 scrolls of teleportation
 r - 2 scrolls of amnesia {unknown}
 u - 3 scrolls of immolation {unknown}
 v - 3 scrolls of fear
 y - 2 scrolls of fog {unknown}
 C - 2 scrolls of enchant weapon {unknown}
Potions
 d - a potion of might
 e - 2 potions of berserk rage
 g - a potion of flight
 i - a potion of cancellation
 k - 2 potions of mutation
 l - 3 potions of haste
 q - 3 potions of ambrosia
 x - a potion of resistance
 B - a potion of curing {unknown}
Books
 o - a book of Cantrips

   Spells                             Type                      Level
   a - Confusing Touch                Hexes                        1
   b - Animate Skeleton               Necromancy                   1
   c - Summon Small Mammal            Summoning                    1
   d - Apportation                    Translocation                1
Comestibles
 f - 8 rations


   Skills:
 + Level 6.9 Fighting
 + Level 0.4(5.4) Short Blades
 + Level 9.5 Long Blades
 + Level 8.0 Armour
 + Level 3.0 Dodging
 + Level 0.5 Stealth
 + Level 8.4 Shields
 + Level 0.2 Invocations


You had 8 spell levels left.
You didn't know any spells.

Dungeon Overview and Level Annotations

Branches:
Dungeon (7/15)             Temple (0/1) D:5

Altars:
Ashenzari
Fedhas
Gozag
Hepliaklqana
Kikubaaqudgha
Makhleb
Nemelex Xobeh
Okawaru
Ru
Trog
Vehumet
Zin

Shops:
D:4 ?


Innate Abilities, Weirdness & Mutations

You reflexively headbutt those who attack you in melee.
You have a pair of horns on your head.


Message History

The centaur unwields an uncursed shortbow.
You block the centaur's attack.
The centaur shoots an arrow.
The arrow barely misses you.
You see here an arrow.
Unknown command.
You are confused.
You feel invigorated. The centaur hits you.
* * * LOW HITPOINT WARNING * * *
The centaur shoots an arrow.
The arrow hits you but does no damage. The centaur hits you.
* * * LOW HITPOINT WARNING * * *
The ogre hits you with a giant club.
* * * LOW HITPOINT WARNING * * *
A worker ant comes into view.
It was a potion of resistance.
You feel protected.
The hound barks!
The centaur hits you but does no damage.
The centaur shoots an arrow.
The arrow hits you!
You die...

#..h#...### .....##...
#......####. .....#...
.......# ..[##
........#
..........h...
......a..
.......#.##....
#........
...###...##...c##.#...#
... ... #....#......##
... ..###.....c......#
.......@O....!#
##....#(.#....#
#....#(##.#.... #...
#(# # ##. #... #.# #..
#.# ### #(# ... .....


You could see an ogre, 2 centaurs, a hound and a worker ant.

Vanquished Creatures
  Joseph (D:7)
  2 hungry ghosts (D:7)
  A water moccasin (D:6)
  4 ogres
  A phantom (D:5)
  2 centaurs
  A big kobold (D:6)
  2 bullfrogs
  A gnoll sergeant (D:6)
  2 scorpions
  4 killer bees (D:7)
  A howler monkey (D:4)
  2 centaur zombies (D:6)
  A crimson imp (D:6)
  3 hounds
  A centaur skeleton (D:4)
  3 orc priests
  2 bullfrog skeletons
  2 iguanas (D:5)
  2 orc wizards
  6 worker ants
  6 gnolls
  6 adders
  A shadow imp (D:6)
  4 oozes (Sewer)
  An adder skeleton (D:6)
  An adder zombie (D:6)
  8 worms
  2 dart slugs
  10 leopard geckos
  17 orcs
  A ball python (Sewer)
  4 giant cockroaches
  4 goblins
  8 hobgoblins
  10 jackals
  5 quokkas
  13 bats
  4 frilled lizards
  A giant cockroach zombie (D:6)
  2 jackal skeletons (D:6)
  20 kobolds
  A leopard gecko skeleton (D:7)
  2 quokka zombies
  4 rats
179 creatures vanquished.

Notes
Turn   | Place    | Note
-------+----------+-------------------------------------------
     0 | D:1      | Peloso the Minotaur Fighter began the quest for the Orb.
     0 | D:1      | Reached XP level 1. HP: 19/19 MP: 0/0
   210 | D:1      | Reached XP level 2. HP: 27/27 MP: 1/1
   689 | D:2      | Found a blossoming altar of Fedhas.
   690 | D:2      | Found an ancient bone altar of Kikubaaqudgha.
   693 | D:2      | Reached XP level 3. HP: 24/33 MP: 2/2
   763 | D:2      | Found a radiant altar of Vehumet.
   855 | D:2      | Found a burning altar of Makhleb.
  1159 | D:2      | Reached skill level 3 in Long Blades
  1247 | D:2      | Reached XP level 4. HP: 41/41 MP: 3/3
  1733 | D:3      | Reached XP level 5. HP: 47/47 MP: 4/4
  1905 | D:3      | Found a shattered altar of Ashenzari.
  1938 | D:3      | Reached skill level 1 in Dodging
  1972 | D:3      | Found a hazy altar of Hepliaklqana.
  2156 | D:4      | Found Gosin's Magic Scroll Emporium.
  2164 | D:4      | Reached skill level 4 in Long Blades
  2192 | D:4      | Reached skill level 5 in Shields
  2206 | D:4      | Reached XP level 6. HP: 8/55 MP: 5/5
  2214 | D:4      | Bought a scroll of magic mapping for 35 gold pieces
  2214 | D:4      | Bought a scroll of identify for 20 gold pieces
  2214 | D:4      | Bought a scroll of identify for 20 gold pieces
  2214 | D:4      | Bought a scroll of teleportation for 30 gold pieces
  2266 | D:4      | Got an iridescent short sword
  2267 | D:4      | Identified the +9 short sword "Ovoire" {drain, Str+3} (You found it on level 4 of the Dungeon)
  2338 | D:4      | Found a glowing drain.
  2359 | Sewer    | Entered a sewer
  2890 | Sewer    | Reached skill level 5 in Long Blades
  3312 | D:4      | Reached skill level 5 in Armour
  3475 | D:4      | Reached skill level 5 in Fighting
  3607 | D:4      | Reached XP level 7. HP: 61/61 MP: 6/6
  3734 | D:4      | Reached skill level 6 in Long Blades
  3887 | D:5      | Entered Level 5 of the Dungeon
  3941 | D:5      | Found a bloodstained altar of Trog.
  4168 | D:5      | Reached skill level 7 in Long Blades
  4313 | D:5      | Reached XP level 8. HP: 70/70 MP: 7/7
  4404 | D:5      | Found an iron altar of Okawaru.
  4419 | D:5      | Found an opulent altar of Gozag.
  4437 | D:5      | Became a worshipper of Warmaster Okawaru
  4742 | D:5      | Found a glowing silver altar of Zin.
  4854 | D:5      | Found a staircase to the Ecumenical Temple.
  4972 | D:6      | Reached skill level 8 in Long Blades
  5186 | D:6      | Reached * piety under Okawaru
  5619 | D:6      | Found a sparkling altar of Nemelex Xobeh.
  5786 | D:6      | Found a sacrificial altar of Ru.
  6234 | D:7      | Noticed Joseph
  6257 | D:7      | Killed Joseph
  6257 | D:7      | Reached ** piety under Okawaru
  6257 | D:7      | Reached skill level 9 in Long Blades
  6257 | D:7      | Reached XP level 9. HP: 76/78 MP: 6/8
  6341 | D:7      | HP: 2/78 [ogre/giant club (3)]
  6342 | D:7      | Shot with an arrow by a centaur

Skill      XL: |  1  2  3  4  5  6  7  8  9 |
---------------+----------------------------+-----
Fighting       | 4 5 6 |  6.9
Armour         | 4 5 7 8 |  8.0
Shields        | 4 5 6 8 |  8.4
Long Blades    | 3 4 5 7 9 |  9.5
Dodging        | 1 2 3 |  3.0
Short Blades   | |  0.4
Stealth        | |  0.5
Invocations    | |  0.2

Action                   |  1- 3 |  4- 6 |  7- 9 || total
-------------------------+-------+-------+-------++-------
Melee: Long sword        |    75 |   196 |   241 ||   512
       Headbutt          |    15 |    40 |    71 ||   126
       Short sword       |       |    29 |       ||    29
Invok: Heroism           |       |       |     3 ||     3
  Use: Scroll            |       |     6 |     5 ||    11
       Potion            |       |     3 |     2 ||     5
  Eat: Chunk             |     1 |     8 |     5 ||    14
       Ration            |       |       |     2 ||     2
Armor: Scale mail        |     8 |       |       ||     8
       Chain mail        |    38 |   131 |   146 ||   315
Dodge: Dodged            |    21 |    70 |    83 ||   174
Block: Shield            |    43 |   145 |   200 ||   388
       Rpst.: Long sword |     7 |    13 |    23 ||    43
